AoeStats
← Bandolero

Arena

509881366Analyzed
4v4 RM · 2d ago on Sep 28, 2026· 51m 3s· 8 players
Game mode
Random Map
Map size
Large (8 player)
Population
200
Speed
Normal
Resources
Standard
Victory
Conquest
Starting age
Dark Age
Ending age
Imperial Age
RankedLock teamsTeams togetherTeam positionsShared explorationLock speedFull tech treeHidden civsTurbo modeCheats
Victory
Defeat
🇨🇿 Wei · Czechia
1689
+14
🇩🇪 Lithuanians · Germany
1636
+16
🇨🇳 Georgians · China
1636
+16
🇩🇪 Danes · Germany
1616
+16
🇦🇷 Mongols · Argentina
1878
-26
🇦🇷 Teutons · Argentina
1650
-16
🇦🇷 Italians · Argentina
1581
-13
🇦🇷 Cumans · Argentina
1415
-7
Eiseob
11:30 Feudal Age
12:47 Double-Bit Axe
12:44 Horse Collar
15:29 Castle Age
24:27 Bow Saw
24:27 Stone Mining
24:46 Gold Mining
25:18 Loom
26:08 Wheelbarrow
31:26 Imperial Age
30:21 Scale Mail Armor
30:33 Forging
30:42 Heavy Plow
31:27 Chain Mail Armor
31:18 Squires
31:03 Arson
33:06 Iron Casting
33:08 Conscription
33:50 Scale Barding Armor
34:15 Plate Mail Armor
33:20 Elite Jomsviking
38:29 Blast Furnace
41:57 Hoardings
40:46 Hamask
42:07 Hoardings
44:11 Hoardings
48:23 Masonry
48:35 Ballistics
49:16 Chemistry
48:02 Elite Skirmisher
48:47 Thumb Ring
48:10 Elite Varangian Guard
49:06 Gambesons
49:26 Fletching
49:37 Padded Archer Armor
50:50 Bodkin Arrow
Franczesco
8:02 Feudal Age
8:34 Double-Bit Axe
8:30 Horse Collar
9:56 Gold Mining
11:06 Stone Mining
14:32 Wheelbarrow
17:21 Castle Age
18:21 Bow Saw
18:12 Heavy Plow
18:48 Gold Shaft Mining
22:52 Hand Cart
23:32 Loom
25:00 Bloodlines
27:59 Imperial Age
26:00 Scale Barding Armor
26:36 Forging
27:14 Tuntian
27:48 Fortified Wall
28:09 Chain Barding Armor
28:21 Husbandry
29:10 Ming Guang Armor
30:04 Iron Casting
28:57 Heavy Hei Guang Cavalry
32:32 Iron Casting
33:15 Town Watch
34:58 Blast Furnace
34:21 Conscription
35:20 Town Patrol
35:59 Coinage
37:14 Masonry
38:17 Crop Rotation
38:23 Stone Shaft Mining
38:26 Banking
38:20 Elite Tiger Cavalry
42:02 Treadmill Crane
43:01 Hoardings
45:44 Pikeman
46:24 Squires
46:10 Arson
45:45 Man-at-Arms
46:51 Sanctity
46:42 Fervor
46:32 Devotion
45:57 Light Cavalry
45:57 Capped Ram
46:37 Elite Skirmisher
47:22 Thumb Ring
47:42 Parthian Tactics
47:09 Crossbowman
47:10 Halberdier
48:04 Scale Mail Armor
48:04 Padded Archer Armor
47:55 Fletching
48:28 Ballistics
48:05 Murder Holes
47:34 Long Swordsman
48:50 Two-Handed Swordsman
49:36 Thumb Ring
49:49 Chain Mail Armor
49:47 Careening
50:12 Illumination
tim.13
7:12 Loom
10:59 Feudal Age
11:44 Double-Bit Axe
14:27 Castle Age
12:56 Horse Collar
14:33 Wheelbarrow
16:21 Bow Saw
20:37 Gold Mining
22:47 Stone Mining
24:43 Stone Shaft Mining
28:03 Imperial Age
26:14 Fortified Wall
26:28 Fletching
26:53 Svan Towers
27:12 Town Watch
27:51 Bodkin Arrow
28:33 Ballistics
28:04 Guard Tower
29:12 Conscription
29:16 Bracer
29:01 Elite Skirmisher
30:14 Scale Barding Armor
30:19 Forging
30:49 Bloodlines
30:40 Husbandry
31:37 Chain Barding Armor
32:29 Chemistry
31:15 Arrowslits
33:01 Keep
32:06 Treadmill Crane
33:29 Siege Engineers
35:37 Plate Barding Armor
35:03 Padded Archer Armor
35:38 Iron Casting
35:42 Hand Cart
35:42 Masonry
35:27 Murder Holes
35:50 Elite Monaspa
40:05 Blast Furnace
39:10 Caravan
40:10 Aznauri Cavalry
44:25 Architecture
44:57 Onager
48:34 Hoardings
AticAtac
9:28 Feudal Age
7:48 Loom
10:24 Feudal Age
11:51 Double-Bit Axe
13:08 Wheelbarrow
29:34 Castle Age
39:28 Hand Cart
42:53 Caravan
42:38 Light Cavalry
43:20 Husbandry
43:48 Town Watch
44:47 Gold Mining
44:47 Stone Mining
45:09 Bow Saw
44:41 Horse Collar
45:19 Bloodlines
47:02 Stone Shaft Mining
46:35 Scale Barding Armor
46:41 Forging
47:25 Forging
47:36 Chain Barding Armor
47:08 Fletching
47:42 Caravan
49:04 Iron Casting
48:37 Bodkin Arrow
48:45 Padded Archer Armor
49:07 Ballistics
48:59 Masonry
52:21 Imperial Age
49:57 Hill Forts
49:44 Treadmill Crane
49:45 Elite Skirmisher
50:45 Leather Archer Armor
~BroKen~
6:31 Loom
8:37 Feudal Age
10:55 Fletching
20:05 Horse Collar
20:13 Double-Bit Axe
25:45 Castle Age
24:53 Wheelbarrow
25:43 Gold Mining
25:44 Stone Mining
27:24 Bow Saw
27:16 Heavy Plow
27:59 Town Watch
30:48 Hand Cart
34:27 Fortified Wall
35:00 Guard Tower
35:42 Bodkin Arrow
40:15 Imperial Age
40:23 Imperial Age
42:48 Scale Barding Armor
42:53 Forging
44:21 Bloodlines
43:35 Cavalier
44:36 Chain Barding Armor
45:39 Iron Casting
45:27 Paladin
46:46 Plate Barding Armor
49:23 Blast Furnace
51:31 Scale Mail Armor
Bandolero
11:16 Feudal Age
12:49 Double-Bit Axe
13:06 Loom
15:27 Castle Age
14:01 Horse Collar
16:37 Bow Saw
20:31 Gold Mining
25:59 Wheelbarrow
25:11 Town Watch
27:58 Imperial Age
25:27 Fletching
25:38 Padded Archer Armor
26:48 Bodkin Arrow
27:09 Leather Archer Armor
28:11 Stone Mining
29:47 Chemistry
29:00 Bracer
29:33 Ring Archer Armor
29:53 Conscription
31:54 Stone Mining
33:10 Two-Man Saw
32:35 Ballistics
34:22 Squires
34:25 Scale Mail Armor
34:13 Pikeman
35:39 Chain Mail Armor
35:34 Forging
36:06 Thumb Ring
37:00 Plate Mail Armor
39:09 Iron Casting
41:53 Hand Cart
[TBArg] kaos_leo
8:50 Feudal Age
9:59 Double-Bit Axe
10:39 Loom
12:03 Horse Collar
17:30 Wheelbarrow
21:15 Castle Age
19:26 Scale Barding Armor
19:31 Forging
21:12 Bloodlines
22:22 Bow Saw
22:21 Heavy Plow
22:45 Capped Ram
26:03 Gold Mining
28:12 Chain Barding Armor
28:27 Iron Casting
28:56 Iron Casting
34:41 Gold Shaft Mining
37:44 Imperial Age
38:47 Hand Cart
39:12 Plate Barding Armor
39:38 Blast Furnace
39:44 Blast Furnace
39:39 Crop Rotation
40:29 Cavalier
40:56 Light Cavalry
41:57 Pikeman
42:41 Scale Mail Armor
43:49 Halberdier
44:17 Halberdier
Lea
8:28 Feudal Age
9:23 Double-Bit Axe
10:16 Horse Collar
13:26 Forging
14:06 Scale Barding Armor
15:46 Bloodlines
21:19 Castle Age
21:05 Gold Mining
22:13 Bow Saw
23:17 Wheelbarrow
25:50 Hand Cart
32:37 Imperial Age
30:01 Stone Mining
31:21 Stone Shaft Mining
31:29 Fletching
32:01 Ballistics
31:48 Husbandry
33:12 Bodkin Arrow
34:26 Thumb Ring
34:35 Bracer
36:22 Chemistry
35:24 Padded Archer Armor
35:24 Nomads
36:03 Conscription
36:24 Parthian Tactics
36:10 Capped Ram
37:44 Drill
37:27 Siege Ram
39:19 Murder Holes
41:07 Leather Archer Armor
42:30 Elite Mangudai
43:57 Light Cavalry
48:43 Fortified Wall
Connection lost

Rejoining the realm…

Still unreachable

The connection could not be restored.

Session expired

The server has moved on; the page needs a fresh start.